| TOP OF THE 1ST |
|
Helena Brewers batting - Pitching for Bristol Pirates : RHP Andres Guillen
|
|
Pitching: RHP Andres Guillen
|
|
|
Batting: RHB Mohammed bin Ubaida
|
0-0: Ball 1-0: Ball 2-0: TRIPLE (Flyball, 89XD, EV 90.0 MPH)
|
|
Batting: LHB John Fortin
|
0-0: Foul Ball, location: 2F 0-1: Foul Ball, location: 2F 0-2: Foul Ball, location: 2F 0-2: Ball 1-2: Foul Ball, location: 2F 1-2: Foul Ball, location: 2F 1-2: Ball 2-2: Ball 3-2: Foul Ball, location: 2F 3-2: Foul Ball, location: 2F 3-2: DOUBLE (Line Drive, 7LS, EV 100.6 MPH) Mohammed bin Ubaida scores
|
|
Batting: RHB Tony Beaumond
|
0-0: Ball 1-0: Ball 2-0: Called Strike 2-1: Swinging Strike 2-2: Ball 3-2: Ground out 6-3 (Groundball, 6, EV 80.0 MPH)
|
|
Batting: LHB Greg Reedy
|
0-0: Ground out 3-1 (Groundball, 34S, EV 84.4 MPH) John Fortin to third
|
|
Batting: RHB Xiao-shuang Au
|
0-0: Swinging Strike 0-1: Foul Ball, location: 2F 0-2: Ball 1-2: Reached via error on a dropped throw from SS, E3 (Groundball, 6, EV 109.4 MPH) John Fortin scores
|
|
Batting: RHB Curtis Montgomery
|
0-0: Ball 1-0: Ball 2-0: Called Strike Xiao-shuang Au is caught stealing 2nd base 2-4
|
| Top of the 1st over - 2 runs, 2 hits, 1 error, 0 left on base; Helena 2 - Bristol 0 |
| BOTTOM OF THE 1ST |
|
Bristol Pirates batting - Pitching for Helena Brewers : RHP Travis Bieberich
|
|
Pitching: RHP Travis Bieberich
|
|
|
Batting: RHB Melvin Durland
|
0-0: Ball 1-0: Foul Ball, location: 2F 1-1: Ball 2-1: Foul Ball, location: 2F 2-2: Strikes out swinging
|
|
Batting: RHB Ricky Alvarado
|
0-0: Ball 1-0: Foul Ball, location: 2F 1-1: Called Strike 1-2: Ground out 5-3 (Groundball, 56S, EV 77.5 MPH)
|
|
Batting: LHB Josh Aerni
|
0-0: Ball 1-0: Foul Ball, location: 2F 1-1: Foul Ball, location: 2F 1-2: Ball 2-2: Ball 3-2: Foul Ball, location: 2F 3-2: Strikes out swinging
|
| Bottom of the 1st over - 0 runs, 0 hits, 0 errors, 0 left on base; Helena 2 - Bristol 0 |
| TOP OF THE 2ND |
|
Helena Brewers batting - Pitching for Bristol Pirates : RHP Andres Guillen
|
|
Batting: RHB Curtis Montgomery
|
0-0: Ball 1-0: Swinging Strike 1-1: Ball 2-1: Foul Ball, location: 2F 2-2: Strikes out looking
|
|
Batting: LHB Alex Chairez
|
0-0: Ball 1-0: Foul Ball, location: 2F 1-1: Swinging Strike 1-2: SINGLE (Line Drive, 9S, EV 93.1 MPH)
|
|
Batting: RHB Justin Marino
|
0-0: Ball 1-0: Ball 2-0: Called Strike 2-1: Foul Ball, location: 2F 2-2: Strikes out swinging
|
|
Batting: RHB Jesus Menjivar
|
0-0: Ball Alex Chairez is caught stealing 2nd base 2-4
|
| Top of the 2nd over - 0 runs, 1 hit, 0 errors, 0 left on base; Helena 2 - Bristol 0 |
| BOTTOM OF THE 2ND |
|
Bristol Pirates batting - Pitching for Helena Brewers : RHP Travis Bieberich
|
|
Batting: RHB Hector Barajas
|
0-0: Ball 1-0: Called Strike 1-1: Called Strike 1-2: Ball 2-2: Foul Ball, location: 2F 2-2: Ball 3-2: Strikes out swinging, 2-3 out at first.
|
|
Batting: RHB Steve Terres
|
0-0: Ball 1-0: Called Strike 1-1: Called Strike 1-2: Foul Ball, location: 2F 1-2: Strikes out swinging
|
|
Batting: RHB Alex Arzate
|
0-0: Ball 1-0: Ball 2-0: Ball 3-0: Base on Balls
|
|
Batting: LHB Kazuyoshi Ikeda
|
0-0: Called Strike 0-1: Ball 1-1: Foul Ball, location: 2F 1-2: Ball 2-2: Foul Ball, location: 2F 2-2: Foul Ball, location: 2F 2-2: SINGLE (Groundball, 4MD, EV 95.6 MPH) Alex Arzate to second Runner from 2nd tries for 3rd, SAFE, throw by CF made to third
|
|
Batting: RHB Hidesuke Yoshida
|
0-0: Called Strike 0-1: Ball 1-1: Called Strike 1-2: Ball 2-2: Ball 3-2: Ground out U3 (Groundball, 3S, EV 86.9 MPH)
|
| Bottom of the 2nd over - 0 runs, 1 hit, 0 errors, 2 left on base; Helena 2 - Bristol 0 |
| TOP OF THE 3RD |
|
Helena Brewers batting - Pitching for Bristol Pirates : RHP Andres Guillen
|
|
Batting: RHB Jesus Menjivar
|
0-0: Ball 1-0: Bunt for hit to 2L - play at first, batter safe!
|
|
Batting: RHB Mohammed bin Ubaida
|
0-0: Ball 1-0: Ball 2-0: Foul Ball, location: 2F 2-1: Foul Ball, location: 2F 2-2: Ball 3-2: Base on Balls Jesus Menjivar to second
|
|
Batting: LHB John Fortin
|
0-0: Ball 1-0: Foul Ball, location: 2F 1-1: Ball 2-1: Ball 3-1: Called Strike 3-2: Strikes out swinging
|
|
Batting: RHB Tony Beaumond
|
0-0: Ball 1-0: Called Strike 1-1: Ball 2-1: Ball 3-1: Base on Balls Jesus Menjivar to third Mohammed bin Ubaida to second
|
|
Batting: LHB Greg Reedy
|
0-0: Ball 1-0: Fly out, F9 (Line Drive, 89M, EV 85.6 MPH) Runner from 3rd tags up, SCORES, no throw by RF
|
|
Batting: RHB Xiao-shuang Au
|
0-0: Called Strike 0-1: Foul Ball, location: 2F 0-2: Foul Ball, location: 2F 0-2: Foul Ball, location: 2F 0-2: Ball 1-2: Ball 2-2: Strikes out swinging
|
| Top of the 3rd over - 1 run, 1 hit, 0 errors, 2 left on base; Helena 3 - Bristol 0 |
| BOTTOM OF THE 3RD |
|
Bristol Pirates batting - Pitching for Helena Brewers : RHP Travis Bieberich
|
|
Batting: SHB Juan Ayala
|
0-0: Called Strike 0-1: Foul Ball, location: 2F 0-2: Ball 1-2: Ball 2-2: Ball 3-2: Strikes out swinging
|
|
Batting: RHB Melvin Durland
|
0-0: Called Strike 0-1: Foul Ball, location: 2F 0-2: Ball 1-2: Foul Ball, location: 2F 1-2: Strikes out swinging
|
|
Batting: RHB Ricky Alvarado
|
0-0: Called Strike 0-1: Ground out 5-3 (Groundball, 56S, EV 91.2 MPH)
|
| Bottom of the 3rd over - 0 runs, 0 hits, 0 errors, 0 left on base; Helena 3 - Bristol 0 |
| TOP OF THE 4TH |
|
Helena Brewers batting - Pitching for Bristol Pirates : RHP Andres Guillen
|
|
Batting: RHB Curtis Montgomery
|
0-0: Ball 1-0: Foul Ball, location: 2F 1-1: Foul Ball, location: 2F 1-2: Foul Ball, location: 2F 1-2: Foul Ball, location: 2F 1-2: Foul Ball, location: 2F 1-2: SINGLE (Line Drive, 3D, EV 95.6 MPH)
|
|
Batting: LHB Alex Chairez
|
0-0: Ball 1-0: Ball 2-0: Foul Ball, location: 2F 2-1: Foul Ball, location: 2F 2-2: DOUBLE (Flyball, 89D, EV 99.4 MPH) Curtis Montgomery to third
|
|
Batting: RHB Justin Marino
|
0-0: Foul Ball, location: 2F 0-1: Ball 1-1: Called Strike 1-2: Strikes out looking
|
|
Batting: RHB Jesus Menjivar
|
0-0: Ball 1-0: Foul Ball, location: 2F 1-1: Ball 2-1: Called Strike 2-2: Ground out 2-3 (Groundball, 15S, EV 70.6 MPH)
|
|
Pitching: LHP Juan Hernandez
|
|
|
Batting: RHB Mohammed bin Ubaida
|
0-0: 3-RUN HOME RUN (Flyball, 78XD, EV 103.8 MPH), Distance : 404 ft
|
|
Batting: LHB John Fortin
|
0-0: Called Strike 0-1: SOLO HOME RUN (Flyball, 78XD, EV 101.9 MPH), Distance : 421 ft
|
|
Batting: RHB Tony Beaumond
|
0-0: Ball 1-0: Called Strike 1-1: Swinging Strike 1-2: Strikes out swinging
|
| Top of the 4th over - 4 runs, 4 hits, 0 errors, 0 left on base; Helena 7 - Bristol 0 |
| BOTTOM OF THE 4TH |
|
Bristol Pirates batting - Pitching for Helena Brewers : RHP Travis Bieberich
|
|
Batting: LHB Josh Aerni
|
0-0: Called Strike 0-1: Ball 1-1: Foul Ball, location: 2F 1-2: Ball 2-2: Ball 3-2: Foul Ball, location: 2F 3-2: SINGLE (Groundball, 6MS, EV 66.9 MPH) (infield hit)
|
|
Batting: RHB Hector Barajas
|
0-0: Called Strike 0-1: Ball Josh Aerni steals 2nd, throwing error, E2 Josh Aerni to third 1-1: Foul Ball, location: 2F 1-2: Ball 2-2: Ball 3-2: Foul Ball, location: 2F 3-2: Foul Ball, location: 2F 3-2: Foul Ball, location: 2F 3-2: Foul Ball, location: 2F 3-2: Hit by Pitch
|
|
Batting: RHB Steve Terres
|
0-0: Ball 1-0: Foul Ball, location: 2F 1-1: Foul Ball, location: 2F 1-2: Ball 2-2: Fly out, F5 (Popup, 5S, EV 81.9 MPH)
|
|
Batting: RHB Alex Arzate
|
0-0: Called Strike 0-1: Ball Wild Pitch! Josh Aerni scores Hector Barajas to second 1-1: SINGLE (Line Drive, 8LS, EV 90.6 MPH) Hector Barajas to third Runner from 3rd tries for Home, SAFE, throw by CF to home Alex Arzate to second
|
|
Batting: LHB Kazuyoshi Ikeda
|
0-0: Ball 1-0: SINGLE (Groundball, 34D, EV 104.4 MPH) (infield hit) Alex Arzate to third
|
|
Pitching: LHP Sam Glaser
|
|
|
Batting: RHB Hidesuke Yoshida
|
0-0: Ball 1-0: Foul Ball, location: 2F 1-1: Swinging Strike 1-2: Strikes out swinging
|
|
Batting: SHB Juan Ayala
|
0-0: Called Strike 0-1: Called Strike 0-2: Ball 1-2: Strikes out swinging
|
| Bottom of the 4th over - 2 runs, 3 hits, 1 error, 2 left on base; Helena 7 - Bristol 2 |
| TOP OF THE 5TH |
|
Helena Brewers batting - Pitching for Bristol Pirates : LHP Juan Hernandez
|
|
Batting: LHB Greg Reedy
|
0-0: Swinging Strike 0-1: Foul Ball, location: 2F 0-2: Ball 1-2: Strikes out swinging
|
|
Batting: RHB Xiao-shuang Au
|
0-0: Ball 1-0: Called Strike 1-1: Ground out 6-3 (Groundball, 6, EV 103.8 MPH)
|
|
Batting: RHB Curtis Montgomery
|
0-0: Foul Ball, location: 2F 0-1: Ball 1-1: Foul Ball, location: 2F 1-2: Foul Ball, location: 2F 1-2: Ball 2-2: Fly out, F7 (Flyball, 7LM, EV 90.6 MPH)
|
| Top of the 5th over - 0 runs, 0 hits, 0 errors, 0 left on base; Helena 7 - Bristol 2 |
| BOTTOM OF THE 5TH |
|
Bristol Pirates batting - Pitching for Helena Brewers : LHP Sam Glaser
|
|
Batting: RHB Melvin Durland
|
0-0: Called Strike 0-1: Ground out 5-3 (Groundball, 56, EV 83.8 MPH)
|
|
Batting: RHB Ricky Alvarado
|
0-0: Called Strike 0-1: Called Strike 0-2: Ball 1-2: Foul Ball, location: 2F 1-2: Strikes out swinging
|
|
Batting: LHB Josh Aerni
|
0-0: Ball 1-0: Called Strike 1-1: Swinging Strike 1-2: SINGLE (Groundball, 34D, EV 96.9 MPH)
|
|
Batting: RHB Hector Barajas
|
0-0: Called Strike 0-1: Ball 1-1: Swinging Strike 1-2: Foul Ball, location: 2F 1-2: Ball 2-2: Foul Ball, location: 2F 2-2: Foul Ball, location: 2F 2-2: Strikes out swinging
|
| Bottom of the 5th over - 0 runs, 1 hit, 0 errors, 1 left on base; Helena 7 - Bristol 2 |
| TOP OF THE 6TH |
|
Helena Brewers batting - Pitching for Bristol Pirates : LHP Juan Hernandez
|
|
Batting: LHB Alex Chairez
|
0-0: Foul Ball, location: 2F 0-1: Called Strike 0-2: Strikes out swinging
|
|
Batting: RHB Justin Marino
|
0-0: Called Strike 0-1: Ball 1-1: Ball 2-1: Called Strike 2-2: Strikes out swinging, 2-3 out at first.
|
|
Batting: RHB Jesus Menjivar
|
0-0: Foul Ball, location: 2F 0-1: Called Strike 0-2: Foul Ball, location: 2F 0-2: Foul Ball, location: 2F 0-2: Strikes out swinging
|
| Top of the 6th over - 0 runs, 0 hits, 0 errors, 0 left on base; Helena 7 - Bristol 2 |
| BOTTOM OF THE 6TH |
|
Bristol Pirates batting - Pitching for Helena Brewers : LHP Sam Glaser
|
|
Batting: RHB Steve Terres
|
0-0: Ball 1-0: Ball 2-0: Called Strike 2-1: Fly out, F8 (Flyball, 8LM, EV 88.8 MPH)
|
|
Batting: RHB Alex Arzate
|
0-0: SINGLE (Groundball, 6MD, EV 96.2 MPH)
|
|
Batting: LHB Kazuyoshi Ikeda
|
0-0: Called Strike 0-1: Swinging Strike 0-2: Strikes out looking
|
|
Batting: RHB Hidesuke Yoshida
|
0-0: Called Strike 0-1: Swinging Strike 0-2: Ball 1-2: Strikes out looking
|
| Bottom of the 6th over - 0 runs, 1 hit, 0 errors, 1 left on base; Helena 7 - Bristol 2 |
| TOP OF THE 7TH |
|
Helena Brewers batting - Pitching for Bristol Pirates : LHP Juan Hernandez
|
|
Batting: RHB Mohammed bin Ubaida
|
0-0: Ground out 5-3 (Groundball, 56, EV 87.5 MPH)
|
|
Batting: LHB John Fortin
|
0-0: Called Strike 0-1: Foul Ball, location: 2F 0-2: Ground out U3 (Groundball, 3, EV 88.1 MPH)
|
|
Batting: RHB Tony Beaumond
|
0-0: Called Strike 0-1: Called Strike 0-2: Strikes out swinging
|
| Top of the 7th over - 0 runs, 0 hits, 0 errors, 0 left on base; Helena 7 - Bristol 2 |
| BOTTOM OF THE 7TH |
|
Bristol Pirates batting - Pitching for Helena Brewers : LHP Sam Glaser
|
|
Batting: SHB Juan Ayala
|
0-0: Ball 1-0: Ground out 6-3 (Groundball, 6, EV 84.4 MPH)
|
|
Batting: RHB Melvin Durland
|
0-0: Ball 1-0: Ball 2-0: Called Strike 2-1: Swinging Strike 2-2: Fly out, F8 (Flyball, 78M, EV 78.8 MPH)
|
|
Batting: RHB Ricky Alvarado
|
0-0: Called Strike 0-1: Ball 1-1: Ball 2-1: Swinging Strike 2-2: Ball 3-2: Strikes out swinging
|
| Bottom of the 7th over - 0 runs, 0 hits, 0 errors, 0 left on base; Helena 7 - Bristol 2 |
| TOP OF THE 8TH |
|
Helena Brewers batting - Pitching for Bristol Pirates : LHP Juan Hernandez
|
|
Batting: LHB Greg Reedy
|
0-0: Ball 1-0: Called Strike 1-1: Foul Ball, location: 2F 1-2: Foul Ball, location: 2F 1-2: Ball 2-2: Ball 3-2: Foul Ball, location: 2F 3-2: Strikes out swinging
|
|
Pitching: RHP Nick Lockwood
|
|
|
Batting: RHB Xiao-shuang Au
|
0-0: Called Strike 0-1: Ball 1-1: Called Strike 1-2: Ball 2-2: Foul Ball, location: 2F 2-2: Strikes out swinging
|
|
Batting: RHB Curtis Montgomery
|
0-0: Called Strike 0-1: Ball 1-1: SINGLE (Groundball, 4D, EV 96.9 MPH)
|
|
Batting: LHB Alex Chairez
|
0-0: Called Strike 0-1: Ball 1-1: Ball 2-1: Ball 3-1: Foul Ball, location: 2F 3-2: Foul Ball, location: 2F 3-2: Strikes out looking
|
| Top of the 8th over - 0 runs, 1 hit, 0 errors, 1 left on base; Helena 7 - Bristol 2 |
| BOTTOM OF THE 8TH |
|
Bristol Pirates batting - Pitching for Helena Brewers : LHP Sam Glaser
|
|
Batting: LHB Josh Aerni
|
0-0: SOLO HOME RUN (Flyball, 89XD, EV 101.2 MPH), Distance : 397 ft
|
|
Batting: RHB Hector Barajas
|
0-0: Ball 1-0: Ball 2-0: Ball 3-0: Called Strike 3-1: SOLO HOME RUN (Flyball, 7LD, EV 90.6 MPH), Distance : 340 ft
|
|
Batting: RHB Steve Terres
|
0-0: Ball 1-0: Foul Ball, location: 2F 1-1: Foul Ball, location: 2F 1-2: Fly out, F9 (Flyball, 9, EV 87.5 MPH)
|
|
Batting: RHB Alex Arzate
|
0-0: Called Strike 0-1: Foul Ball, location: 2F 0-2: Ball 1-2: Strikes out swinging
|
|
Batting: LHB Kazuyoshi Ikeda
|
0-0: SINGLE (Flyball, 78S, EV 87.5 MPH)
|
|
Pitching: RHP Alejandro Souto
|
|
|
Now at 1B: Drew Forbess
|
|
|
Pinch Hitting: LHB Dustin Herman
|
0-0: Ball Wild Pitch! Kazuyoshi Ikeda to second 1-0: Called Strike 1-1: Called Strike 1-2: Ground out U3 (Groundball, 34, EV 108.8 MPH)
|
| Bottom of the 8th over - 2 runs, 3 hits, 0 errors, 1 left on base; Helena 7 - Bristol 4 |
| TOP OF THE 9TH |
|
Helena Brewers batting - Pitching for Bristol Pirates : RHP Nick Lockwood
|
|
Now in CF: Kazuyoshi Ikeda
|
|
|
Now in RF: Dustin Herman
|
|
|
Batting: RHB Justin Marino
|
0-0: Ball 1-0: SINGLE (Groundball, 34D, EV 103.8 MPH)
|
|
Batting: RHB Jesus Menjivar
|
0-0: Sac Bunt to 25 - play at first, batter OUT! 5-3 Justin Marino to second
|
|
Batting: RHB Mohammed bin Ubaida
|
0-0: Called Strike 0-1: Ball 1-1: Foul Ball, location: 2F 1-2: Ball 2-2: Foul Ball, location: 2F 2-2: Ball 3-2: Strikes out swinging
|
|
Batting: LHB John Fortin
|
0-0: Ball 1-0: Ball 2-0: Called Strike 2-1: Ball 3-1: Base on Balls
|
|
Batting: RHB Tony Beaumond
|
0-0: Foul Ball, location: 2F 0-1: Ball 1-1: Reached on error, E5 (Groundball, 5S, EV 86.2 MPH) Justin Marino to third John Fortin to second
|
|
Pitching: RHP Otok Barleyfoot
|
|
|
Batting: LHB Greg Reedy
|
0-0: Ball 1-0: Ball 2-0: Foul Ball, location: 2F 2-1: Called Strike 2-2: Ball 3-2: Foul Ball, location: 2F 3-2: Base on Balls Justin Marino scores John Fortin to third Tony Beaumond to second
|
|
Batting: RHB Xiao-shuang Au
|
0-0: Ball 1-0: Called Strike 1-1: Foul Ball, location: 2F 1-2: Fielders Choice at 2nd, 6-4 (Groundball, 6, EV 77.5 MPH)
|
| Top of the 9th over - 1 run, 1 hit, 1 error, 3 left on base; Helena 8 - Bristol 4 |
| BOTTOM OF THE 9TH |
|
Bristol Pirates batting - Pitching for Helena Brewers : RHP Alejandro Souto
|
|
Pinch Hitting: RHB Rusty Trader
|
0-0: Ball 1-0: Ball 2-0: Called Strike 2-1: Foul Ball, location: 2F 2-2: Strikes out swinging
|
|
Batting: RHB Melvin Durland
|
0-0: Ball 1-0: Ground out 5-3 (Groundball, 56S, EV 83.8 MPH)
|
|
Batting: RHB Ricky Alvarado
|
0-0: Ball 1-0: Called Strike 1-1: Ball 2-1: Foul Ball, location: 2F 2-2: Foul Ball, location: 2F 2-2: Strikes out swinging
|
| Bottom of the 9th over - 0 runs, 0 hits, 0 errors, 0 left on base; Helena 8 - Bristol 4 |
|